 Dungeon Crawl Stone Soup version 0.29-a0-271-gd4eb659eea (console) character file.

Game seed: 15406325927371594760

40265 petzl the Thaumaturge (level 14, -12/53 (106) HPs)
             Began as a Formicid Arcane Marksman on Mar 8, 2022.
             Was a High Priest of Vehumet.
             Mangled by an alligator (18 damage)
             ... on level 6 of the Lair of Beasts on Mar 9, 2022.
             The game lasted 02:44:44 (28861 turns).

petzl the Thaumaturge (Formicid Arcane Marksman)   Turns: 28861, Time: 02:44:44

HP:   -12/53 (106)  AC: 10    Str: 15    XL:     14   Next: 43%
MP:   18/29         EV: 12    Int: 18    God:    Vehumet [*****.]
Gold: 423           SH:  0    Dex: 11    Spells: 3/36 levels left

rFire   + . .      SeeInvis +   a - +3 hand crossbow (freeze)
rCold   + . .      Faith    .   (no shield)
rNeg    + . .      Spirit   .   w - +1 troll leather armour
rPois   +          Reflect  .   (helmet unavailable)
rElec   +          Harm     .   V - scarf {rC+ rF+}
rCorr   .          Rampage  .   u - +0 pair of gloves
Will    ++...                   (no boots)
Stlth   +++.......              (no amulet)
HPRegen 0.97/turn               n - ring of Light {*Slow rElec rN+ Will+ AC+4}
MPRegen 0.21/turn               p - ring of poison resistance

@: extremely drained
A: permanent stasis, dig shafts and tunnels, antennae 3, four strong arms
a: Dig, Shaft Self, Renounce Religion


You were on level 6 of the Lair of Beasts.
You worshipped Vehumet.
Vehumet was extremely pleased with you.
You visited 3 branches of the dungeon, and saw 18 of its levels.
You also visited: Volcano.

You collected 951 gold pieces.
You spent 528 gold pieces at shops.

Inventory:

Hand Weapons
 a - a +3 hand crossbow of freezing (weapon)
 b - a +2 dagger of venom {!f =f}
 c - the +5 dagger "Conservator" {drain, Fly rPois rF+ rN+, !f =f}
   (You took it off an orc on level 3 of the Dungeon)

   A truly terrible weapon, it drains the life of any living foe it strikes.
   rF:        It protects you from fire.
   rPois:     It protects you from poison.
   rN:        It protects you from negative energy.
   Fly:       It grants you flight.
 d - a +5 short sword of freezing
 f - a +1 spear of flaming {!f =f}
 i - a +1 dagger of pain {!f =f}
 O - a +2 rapier of flaming
 P - a +2 scimitar of flaming
 T - a +0 quarterstaff of flaming
Missiles
 t - 14 poisoned darts
 N - a throwing net
Armour
 h - a +0 kite shield
 s - an orb of guile
 u - a +0 pair of gloves (worn)
 w - a +1 troll leather armour (worn)
 y - a +0 robe of positive energy
 V - a scarf of resistance (worn)
Magical Staves
 E - a staff of cold
 H - a staff of conjuration
Jewellery
 e - a +6 ring of dexterity
 m - a +6 ring of intelligence
 n - the ring of Light (left hand) {*Slow rElec rN+ Will+ AC+4}
   (You acquired it on level 3 of the Dungeon)

   [ring of protection]

   AC:        It affects your AC (+4).
   rElec:     It insulates you from electricity.
   rN:        It protects you from negative energy.
   *Slow:     It may slow you when you take damage.
   Will:      It increases your willpower.
 p - a ring of poison resistance (right hand)
 q - a ring of resist corrosion
 r - a ring of fire
 C - a +6 ring of intelligence
Wands
 k - a wand of polymorph (11)
 A - a wand of iceblast (18)
Scrolls
 g - 2 scrolls of vulnerability
 o - 4 scrolls of immolation
 x - a scroll of silence
 G - 2 scrolls of torment
 K - a scroll of amnesia
 W - a scroll of fog
Potions
 j - 4 potions of haste {unknown}
 l - 3 potions of mutation
 v - 2 potions of might
 D - 3 potions of lignification
 I - 2 potions of flight
 Q - a potion of heal wounds {unknown}
 R - a potion of magic {unknown}
 S - a potion of invisibility {unknown}
 U - a potion of brilliance {unknown}
Miscellaneous
 z - a condenser vane (inert)


   Skills:
 - Level 8.3 Fighting
 - Level 2.0 Short Blades
 - Level 4.0 Crossbows
 - Level 2.0 Armour
 - Level 2.5 Dodging
 - Level 5.3 Stealth
 - Level 11.6 Spellcasting
 + Level 11.2 Conjurations
 - Level 3.6 Hexes
 - Level 4.0 Transmutations
 - Level 6.0 Fire Magic
 - Level 4.0 Ice Magic
 - Level 9.0 Air Magic
 - Level 5.4 Poison Magic
 - Level 3.0 Evocations


You had 3 spell levels left.
You knew the following spells:

 Your Spells              Type           Power      Damage    Failure   Level
a - Slow                  Hex            92%        N/A       1%          1
b - Poisonous Vapours     Pois/Air       72%        N/A       1%          2
f - Conjure Flame         Conj/Fire      41%        6-21      1%          3
m - Mephitic Cloud        Conj/Pois/Air  41%        N/A       1%          3
o - Orb of Destruction    Conj           25%        9d9       17%         7
p - Apportation           Tloc           20%        N/A       9%          1
s - Sticky Flame          Conj/Fire      41%        2d6       1%          4
A - Ozocubu's Armour      Ice            24%        N/A       4%          3
C - Conjure Ball Lightni  Conj/Air       23%        3x3d6     5%          6
I - Ignite Poison         Fire/Tmut/Pois 28%        N/A       1%          3

Your spell library contained the following spells:

 Spells                   Type           Power      Damage    Failure   Level
 Shock                    Conj/Air       100%       1d9       1%          1
 Scorch                   Fire           64%        2d8       1%          2
 Inner Flame              Hex/Fire       27%        N/A       1%          3
 Stone Arrow              Conj/Erth      60%        3d10      1%          3
 Portal Projectile        Hex/Tloc       32%        N/A       12%         3
 Lesser Beckoning         Tloc           10%        N/A       26%         3
 Airstrike                Air            21%        N/A       1%          4
 Flame Wave               Conj/Fire      41%        2d9       1%          4
 Hailstorm                Conj/Ice       37%        3d9       1%          4
 Cause Fear               Hex            11%        N/A       19%         4
 Alistair's Intoxication  Tmut/Pois      18%        N/A       32%         5
 Summon Ice Beast         Ice/Summ       17%        N/A       36%         4
 Animate Armour           Summ/Erth      20%        N/A       63%         4
 Manifold Assault         Tloc           10%        N/A       93%         5
 Ozocubu's Refrigeration  Ice            12%        4d7       96%         7
 Simulacrum               Ice/Necr       8%         N/A       99%         6
 Storm Form               Tmut/Air       16%        N/A       99%         7
 Summon Cactus Giant      Summ           5%         N/A       100%        6
 Lehudib's Crystal Spear  Conj/Erth      15%        10d5      100%        8
 Swiftness                Air            Unusable   N/A       N/A         3
 Blink                    Tloc           Unusable   N/A       N/A         2

Dungeon Overview and Level Annotations

Branches:
Dungeon (11/15)            Temple (1/1) D:4            Lair (6/6) D:11
  Swamp (0/4) Lair:2        Snake (0/4) Lair:4        Slime (0/5) Lair:6
Volcano (visited)
    Orc: D:9-12

Altars:
Ashenzari
Cheibriados
Dithmenos
Elyvilon
Fedhas
Gozag
Hepliaklqana
Kikubaaqudgha
Makhleb
Nemelex Xobeh
Okawaru
Qazlal
Ru
Sif Muna
Trog
Uskayaw
Vehumet
Wu Jian
Yredelemnul
Zin
The Shining One

Shops:
D:5 :===:

Annotations:
D:2 exclusion: downstairs
D:4 exclusion: downstairs
D:7 exclusion: downstairs
D:8 exclusion: downstairs
D:9 Joseph
D:10 2 runed translucent doors, OstrichLN's ghost, novice DrFi
Lair:1 exclusion: downstairs
Lair:2 exclusion: downstairs
Lair:5 exclusion: 2 downstairs


Innate Abilities, Weirdness & Mutations

You cannot be hasted, slowed, berserked, paralysed or teleported.
You can dig through walls and to a lower floor.
You have a pair of large antennae on your head. (SInv)
Your four strong arms can wield two-handed weapons with a shield.


Message History

Your ball lightning completely resists.
The blast of lightning engulfs your ball lightning.
Your ball lightning completely resists.
The blast of lightning engulfs your ball lightning.
Your ball lightning completely resists.
The blast of lightning engulfs the water moccasin!
You kill the water moccasin!
Vehumet accepts your kill.
You feel your power returning.
The blast of lightning engulfs the alligator!
The alligator is heavily wounded.
The blast of lightning engulfs you. You resist.
Your ball lightning explodes!
The blast of lightning engulfs your ball lightning.
Your ball lightning completely resists.
The blast of lightning engulfs the alligator!
The alligator is severely wounded.
The blast of lightning engulfs your ball lightning.
Your ball lightning completely resists.
The blast of lightning engulfs you. You resist.
Your ball lightning explodes!
The blast of lightning engulfs the black mamba!
The black mamba is almost dead.
The blast of lightning engulfs your ball lightning.
Your ball lightning completely resists.
The blast of lightning engulfs the alligator!
The alligator is severely wounded.
The blast of lightning engulfs you. You resist.
* * * LOW HITPOINT WARNING * * *
The alligator bites you but does no damage.
The alligator barely misses you.
The alligator puts on a burst of speed!
The dream sheep bites you!
* * * LOW HITPOINT WARNING * * *
You hear an angry hiss. x2; You hear a roar!
Unknown command.
Unknown command.
Unknown command.
Unknown command.
Unknown command.
The alligator attacks as you move away! The alligator bites you!!
You die...

***,**** ***,,,,,,* ***,,,,**,,,
**,,,,******, **,,,,** *,, *****,,,*,* **,,
*,,*,,,,*,* *,,, **,,,,*********,,, *,,***
*,*,,,* **,* **,,,,** *** **,* *,,,,,* ***,**
**,,** *,,**** **,*,,*** ######*####**,,*,*
*,,** ***,,,,,*,** #.#..##P..##.,,,** *,,,**
*,,,,,,,,,,* #............,,,,* *,,,,***
**,,,,,,,,,* *#...........,,,,**** *,,,,,**
***,,,,,,,,* #...*......#,,*,**,***,**,,,,
**,,,,,,,,,{* ###....Y....##*,,,*,,,*,,***,,,
**,*,,,,,,,,,*
##t.#*t@...$..#**,,,,,,,,*****,,
,*,,,,,,,,,,** #.##...S<....##
**,,,**,,*,,**,, ,,,,,,,,,,,,,*
##.##.......## ******,,,,,**,,
,,,,,,,,,,,,,** #.###........# *,,,,,,**,
,,,,,,,,,,,,,,* ##.##.Y......# **,*******
,,***,,,,,,,,** ##.###.......## *** **** ***
*,,,,,,,*,* #.##*........# ***,**
,,***,,,,,,,,,* ##.###....}..#* *,,,**
,**,,,,,,,,,,** #.##*.........** *,,,,*
,,,,,,,,,,,,** ##.#**,,,,,,,,,* ***,,,∩*
,,,,,,,,,,,,** #.##*,,,,,,,,** **,,,_,**
,*,,,,,,,,,,,* ##.#*,,,,,,,,* *,,,,,,**
,**,,,,,,,,,,* ##.##,,,,,,,,** ***,,**,***
***,,,^,,,,,,* #.##**,..,,,,* *,*,,**,* * *
***,,,,,,,** ##.#*,....,,,** *,,,,****** *
*,,,,,,,,** ##.##*#.....,,,* *,,*,,* *, *
***,*,,.,,* #.####.......,,**** *,,,,,* **
******,⌠,#..#####{##........,,**,** **,,,,* *
*,**,*,,,,*#..{{{##.........,,,,,,******,,,**
*


You could see an alligator (swift, ally target), an elephant, a black mamba, a
dream sheep (ally target) and 2 friendly ball lightnings.

Vanquished Creatures
  A red draconian (Volcano)
  5 hydras
  A catoblepas (Lair:4)
  An ogre mage (Volcano)
  6 two-headed ogres (Volcano)
  3 death yaks
  A lindwurm (Lair:3)
  A manticore (D:11)
  An oklob plant (Lair:2)
  3 black mambas
  Maurice (D:10)
  A torpor snail (Lair:5)
  13 cane toads
  8 komodo dragons
  2 rime drakes
  3 trolls
  10 dream sheep
  17 blink frogs
  4 polar bears
  A shadow (D:10)
  A vampire (D:11)
  2 wraiths
  30 yaks
  4 wyverns
  5 basilisks
  3 steam dragons
  3 nagas (Lair:4)
  17 water moccasins
  4 sky beasts
  4 orc warriors
  3 black bears
  6 wolves (Lair:4)
  An ogre (D:5)
  4 centaurs
  3 phantoms (D:5)
  A kobold brigand (D:5)
  16 bullfrogs
  A gnoll sergeant (D:10)
  2 necrophages
  2 scorpions
  4 wights (D:9)
  9 killer bees
  2 electric eels (Lair:3)
  7 howler monkeys
  3 gnoll shamans
  2 jellies
  4 orc priests
  4 hounds
  Natasha (D:2)
  4 iguanas (D:5)
  8 orc wizards
  4 hell rats (Lair:5)
  19 gnolls
  6 adders
  A white imp (D:6)
  An ufetubus (D:7)
  4 dart slugs
  35 orcs
  10 endoplasms
  5 giant cockroaches
  4 goblins (D:1)
  8 hobgoblins
  3 jackals (D:2)
  2 quokkas
  8 ball pythons
  5 bats
  2 frilled lizards (D:3)
  11 kobolds
  7 rats
  2 bushes (Lair:2)
380 creatures vanquished.

Vanquished Creatures (collateral kills)
  An elephant (Lair:6)
  A water moccasin (Lair:6)
  An orc warrior (D:7)
  An orc wizard (D:7)
  10 ball lightnings
14 creatures vanquished.

Vanquished Creatures (others)
  139 ball lightnings
  A bush (Lair:2)
  55 fungi
  77 plants
272 creatures vanquished.

Grand Total: 666 creatures vanquished

Notes
Turn   | Place    | Note
-------+----------+-------------------------------------------
     0 | D:1      | petzl the Formicid Arcane Marksman began the quest for the
                  | Orb.
     0 | D:1      | Reached XP level 1. HP: 15/15 MP: 2/2
   110 | D:1      | Reached XP level 2. HP: 21/21 MP: 3/3
   244 | D:1      | Reached skill level 1 in Stealth
   466 | D:1      | Reached XP level 3. HP: 26/26 MP: 5/5
   640 | D:1      | Reached skill level 1 in Armour
  1618 | D:2      | Reached XP level 4. HP: 24/33 MP: 6/6
  1757 | D:2      | Noticed Natasha
  3459 | D:2      | Found a blossoming altar of Fedhas.
  3619 | D:2      | Reached XP level 5. HP: 31/38 MP: 4/7
  3756 | D:3      | Identified a scroll of acquirement
  4429 | D:2      | Killed Natasha
  4507 | D:3      | Identified the +5 dagger "Conservator" {drain, Fly rPois
                  | rF+ rN+}
  4775 | D:4      | Found a staircase to the Ecumenical Temple.
  4858 | D:4      | Learned a level 3 spell: Conjure Flame
  4862 | D:4      | Learned a level 3 spell: Ignite Poison
  4879 | D:5      | Entered Level 5 of the Dungeon
  4884 | D:5      | Noticed a phantom
  4948 | D:4      | Reached XP level 6. HP: 45/46 MP: 9/9
  5672 | D:4      | Reached skill level 1 in Conjurations
  5672 | D:4      | Reached skill level 1 in Poison Magic
  5935 | D:3      | Reached skill level 1 in Transmutations
  6248 | Temple   | Entered the Ecumenical Temple
  6299 | Temple   | Became a worshipper of Vehumet
  6461 | D:5      | Found Itaan's Book Emporium.
  6575 | D:5      | Reached skill level 1 in Short Blades
  6575 | D:5      | Reached XP level 7. HP: 31/51 MP: 11/11
  6693 | D:5      | Found Otwin's Jewellery Shop.
  6729 | D:5      | Reached skill level 1 in Fire Magic
  7139 | D:5      | Reached XP level 8. HP: 52/58 MP: 11/13
  7824 | D:5      | Found Noex's Book Emporium.
  7891 | D:5      | Found Afiasi's Jewellery Shop.
  9049 | D:5      | Reached XP level 9. HP: 54/65 MP: 16/16
  9136 | D:5      | Found Gumump's Jewellery Shoppe.
  9241 | D:5      | Found an ornate altar of the Wu Jian Council.
  9250 | D:5      | Found an ancient bone altar of Kikubaaqudgha.
  9519 | D:6      | Reached skill level 5 in Spellcasting
  9599 | D:6      | Learned a level 4 spell: Sticky Flame
  9603 | D:6      | Learned a level 3 spell: Ozocubu's Armour
 10223 | D:6      | Reached * piety under Vehumet
 10223 | D:6      | Offered knowledge of Sandblast by Vehumet.
 10240 | D:6      | Found a hide-covered altar of Uskayaw.
 10411 | D:6      | Reached skill level 1 in Ice Magic
 10562 | D:7      | Found a shadowy altar of Dithmenos.
 11027 | D:7      | Found a bloodstained altar of Trog.
 13295 | D:7      | Reached skill level 5 in Poison Magic
 13298 | D:7      | Reached skill level 5 in Conjurations
 13419 | D:8      | Reached skill level 5 in Fighting
 13419 | D:8      | Reached XP level 10. HP: 74/74 MP: 11/19
 14002 | D:9      | Offered knowledge of Poisonous Vapours by Vehumet.
 14167 | D:8      | Learned a level 2 spell: Poisonous Vapours
 14329 | D:9      | Reached skill level 1 in Air Magic
 14447 | D:9      | Reached ** piety under Vehumet
 14675 | D:5      | Acquired the ring of Light {*Slow rElec rN+ Will+ AC+4}
 15025 | D:9      | Noticed a fire crab
 15427 | D:9      | Found a stormy altar of Qazlal.
 15452 | D:10     | Entered Level 10 of the Dungeon
 15452 | D:10     | Found a large runed translucent door.
 15452 | D:10     | Found a large runed translucent door.
 15453 | D:10     | Noticed OstrichLN's ghost (novice DrFi)
 15533 | D:10     | Found a sparkling altar of Nemelex Xobeh.
 15567 | D:10     | Reached skill level 5 in Fire Magic
 16399 | D:11     | Reached XP level 11. HP: 80/80 MP: 9/22
 16550 | D:11     | Found a staircase to the Lair.
 16794 | D:11     | Noticed a manticore
 16805 | D:11     | Killed a manticore
 17131 | D:10     | Offered knowledge of Mephitic Cloud by Vehumet.
 17666 | D:10     | Noticed Maurice
 17688 | D:10     | Killed Maurice
 18494 | D:9      | Noticed a rakshasa
 18496 | D:9      | Noticed a manticore
 18500 | D:9      | Found the +2 Maxwell's thermic engine {flame, freeze}
 18513 | D:9      | Noticed a green ugly thing
 18524 | D:9      | Noticed Joseph
 18816 | D:8      | Found a sacrificial altar of Ru.
 18852 | D:8      | Reached *** piety under Vehumet
 19498 | D:5      | Learned a level 3 spell: Mephitic Cloud
 19500 | D:5      | Bought the Tome of Congealing Weightlessness for 528 gold
                  | pieces
 19507 | D:5      | Learned a level 6 spell: Conjure Ball Lightning
 19690 | Lair:1   | Entered Level 1 of the Lair of Beasts
 20069 | Lair:1   | Noticed an eight-headed hydra
 20079 | Lair:1   | Learned a level 1 spell: Apportation
 20206 | Lair:1   | Reached XP level 12. HP: 86/86 MP: 3/25
 20223 | Lair:1   | Reached skill level 5 in Air Magic
 20528 | Lair:1   | Noticed an eight-headed hydra
 20585 | Lair:1   | Killed an eight-headed hydra
 20726 | Lair:1   | Killed an eight-headed hydra
 20726 | Lair:1   | Offered knowledge of Iskenderun's Mystic Blast by Vehumet.
 21183 | Lair:2   | Found a staircase to the Swamp.
 21278 | Lair:2   | Noticed a four-headed hydra
 21290 | Lair:2   | Killed a four-headed hydra
 22549 | Lair:2   | Noticed a seven-headed hydra
 22560 | Lair:2   | Killed a seven-headed hydra
 22562 | Lair:2   | Reached skill level 10 in Spellcasting
 22665 | Lair:2   | Noticed a death yak
 22716 | Lair:2   | Killed a death yak
 23268 | Lair:2   | Reached XP level 13. HP: 84/92 MP: 3/27
 24509 | Lair:3   | Found a dark tunnel.
 24516 | Lair:3   | Reached **** piety under Vehumet
 24556 | Volcano  | Entered a volcano
 24575 | Volcano  | Noticed an ogre mage
 24582 | Volcano  | Killed an ogre mage
 24584 | Volcano  | Found a radiant altar of Vehumet.
 24872 | Volcano  | Noticed a red draconian
 24884 | Volcano  | Killed a red draconian
 25287 | Lair:3   | Noticed a seven-headed hydra
 25512 | Lair:3   | Killed a seven-headed hydra
 25701 | Lair:3   | Offered knowledge of Lee's Rapid Deconstruction by Vehumet.
 25801 | Lair:3   | Reached skill level 10 in Conjurations
 26416 | Lair:4   | Found a staircase to the Snake Pit.
 26520 | Lair:4   | Reached skill level 1 in Evocations
 26561 | Lair:4   | Noticed a catoblepas
 26817 | Lair:4   | Killed a catoblepas
 27232 | Lair:4   | Reached XP level 14. HP: 91/104 MP: 20/29
 27511 | Lair:5   | Reached ***** piety under Vehumet
 27961 | Lair:5   | Offered knowledge of Orb of Destruction by Vehumet.
 28183 | Lair:5   | Reached skill level 5 in Stealth
 28393 | Lair:5   | Learned a level 7 spell: Orb of Destruction
 28665 | Lair:6   | Entered Level 6 of the Lair of Beasts
 28816 | Lair:6   | Found a staircase to the Slime Pits.
 28861 | Lair:6   | Mangled by an alligator

Illustrated notes

Levels and vault maps discovered:
D:1:      shiori_arrival_maze, layout_loops_corners, grunt_decor_junction
D:2:      layout_loops_corners, basic_altar, uniq_natasha
D:3:      layout_basic
D:4:      layout_basic, minmay_temple_entry_grid
D:5:      layout_basic, mainiacjoe_overflow_swirl, serial_shops,
          nicolae_shop_temple_entry_statues_fountains, kennysheep_mini,
          nicolae_shop_hallway_plus, shop, nicolae_stop_n_shop_2
D:6:      layout_cave_pools, mainiacjoe_overflow_24_doors, kennysheep_nub
D:7:      layout_layer_cave, nicolae_dithmenos_the_darkroom, trog_book
D:8:      layout_gridville, hangedman_ru_absence
D:9:      minmay_flawed_box, layout_irregular_city, grunt_qazlal_clouds,
          lemuel_tele_altar, ebering_dispersal_statue_hall,
          grunt_decor_one_mirror, minmay_diamond_spiral, uniq_joseph
D:10:     layout_cave_pools, mainiacjoe_overflow_cross_hatched,
          ebering_ghost_disaster_area, uniq_maurice
D:11:     layout_roguey, grunt_lair_entry_orc_guard_hut, orc_0_dummy
Temple:   dshaligram_water_room_temple
Lair:1:   layout_cave_pods
Lair:2:   nzn_winding_woodlands_medium [nzn_winding_woodlands_5x5_three,
          nzn_winding_woodlands_5x15_default,
          nzn_winding_woodlands_5x5_checkerboard,
          nzn_winding_woodlands_5x5_default,
          nzn_winding_woodlands_center_triple_pond,
          nzn_winding_woodlands_5x5_default, nzn_winding_woodlands_hourglass,
          nzn_winding_woodlands_5x15_concentric,
          nzn_winding_woodlands_5x5_cross], layout_layer_cave, swamp_mist,
          minmay_lair_oklob_bushes, chequers_serial_rivers_small_a,
          beast_lair_carwin_2
Lair:3:   layout_chaotic_city, nicolae_volcano_entry_vermiform
Lair:4:   layout_misc_corridors, guppyfry_snake_entry_island,
          infiniplex_staircase_pool_2
Lair:5:   wander_river, layout_loops_ring
Lair:6:   hellmonk_lair_end_abyssal_woods, layout_big_grid, slime_dummy,
          nicolae_lair_yak_garden, grunt_megastairs_5

Skill      XL: |  1  2  3  4  5  6  7  8  9 10 11 12 13 14 |
---------------+-------------------------------------------+-----
Stealth        | 1 2 3 5 |  5.3
Dodging        | 2 |  2.5
Armour         | 1 2 |  2.0
Fighting       | 2 3 4 5 7 8 |  8.3
Spellcasting   | 2 3 4 6 7 9 10 11 | 11.6
Crossbows      | 3 4 |  4.0
Conjurations   | 1 2 3 5 6 8 9 10 11 | 11.2
Poison Magic   | 1 2 3 5 |  5.4
Transmutations | 1 3 4 |  4.0
Short Blades   | 1 2 |  2.0
Fire Magic     | 1 2 3 5 6 |  6.0
Ice Magic      | 2 3 4 |  4.0
Air Magic      | 3 4 8 9 |  9.0
Evocations     | 1 3 |  3.0
Hexes          | |  3.6

Action                   |  1- 3 |  4- 6 |  7- 9 | 10-12 | 13-15 || total
-------------------------+-------+-------+-------+-------+-------++-------
Melee: Spear             |       |    47 |    71 |    86 |       ||   204
       Dagger            |       |   103 |    82 |   134 |    24 ||   343
       Punch             |       |     1 |     5 |     4 |       ||    10
       Short sword       |       |       |    94 |    44 |       ||   138
       Hand crossbow     |       |       |       |     1 |       ||     1
 Fire: Hand crossbow     |    85 |   134 |   147 |   171 |    86 ||   623
Throw: Dart              |       |       |       |     5 |       ||     5
 Cast: Slow              |     2 |    32 |    61 |    20 |       ||   115
       Ignite Poison     |       |       |    17 |    88 |    37 ||   142
       Conjure Flame     |       |       |    10 |    70 |    19 ||    99
       Poisonous Vapours |       |       |       |    55 |    35 ||    90
       Sticky Flame      |       |       |       |    33 |    31 ||    64
       Ozocubu's Armour  |       |       |       |    18 |     5 ||    23
       Conjure Ball Ligh |       |       |       |     9 |    53 ||    62
       Apportation       |       |       |       |       |     4 ||     4
       Mephitic Cloud    |       |       |       |       |     4 ||     4
 Abil: Dig               |       |     1 |     1 |     4 |     1 ||     7
Evoke: Wand              |       |       |     5 |       |     6 ||    11
       Condenser vane    |       |       |       |     1 |     1 ||     2
  Use: Scroll            |       |    10 |     2 |    12 |     6 ||    30
       Potion            |       |       |     7 |       |     3 ||    10
Armor: Leather armour    |     7 |    15 |       |       |       ||    22
       Robe              |     3 |       |       |       |       ||     3
       Ring mail         |       |    24 |    91 |    63 |       ||   178
       Troll leather arm |       |       |       |    88 |    36 ||   124
Dodge: Dodged            |    16 |   117 |   162 |   183 |    58 ||   536

Table legend: (Time is in decaauts)
 A = Elapsed time spent in this place.
 B = Non-inter-level travel time spent in this place.
 C = Inter-level travel time spent in this place.
 D = Time resting spent in this place.
 E = Time spent auto-exploring this place.
 F = Levels seen in this place.
 G = Mean time per level.
                   A        B        C        D        E       F      G
               +--------+--------+--------+--------+--------+-----+--------+
         Total |  29127 |  27737 |   1390 |  12422 |   6462 |  19 | 1533.0 |
       Dungeon |  19829 |  18617 |   1212 |   8654 |   3983 |  11 | 1802.6 |
        Temple |     60 |     51 |      9 |      0 |     38 |   1 |   60.0 |
          Lair |   8655 |   8486 |    169 |   3416 |   2441 |   6 | 1442.5 |
       Volcano |    581 |    581 |      0 |    351 |      0 |   1 |  581.0 |
               +--------+--------+--------+--------+--------+-----+--------+

Top non-repeatable levels by time:
     D:5: 3064 daAuts
  Lair:2: 2997 daAuts
     D:1: 2342 daAuts
     D:7: 2000 daAuts
    D:11: 1985 daAuts
     D:6: 1974 daAuts
     D:8: 1796 daAuts
     D:3: 1778 daAuts
  Lair:1: 1654 daAuts
     D:2: 1527 daAuts
  Lair:3: 1481 daAuts
  Lair:4: 1436 daAuts
     D:4: 1167 daAuts
     D:9: 1099 daAuts
    D:10: 1093 daAuts
